 Dungeon Crawl Stone Soup version 0.29.1-1-gd02db6906a (webtiles) character file.

Game seed: 5568745405154642256

16928 Icepheonix32 the Basher (level 12, 0/159 HPs)
             Began as a Minotaur Fighter on Sept 22, 2022.
             Was a High Priest of Okawaru.
             Slain by a wolf (8 damage)
             ... on level 1 of the Lair of Beasts.
             The game lasted 00:18:07 (15444 turns).

Icepheonix32 the Basher (Minotaur Fighter)         Turns: 15444, Time: 00:18:08

Health: 0/159      AC: 26    Str: 40    XL:     12   Next: 14%
Magic:  16/16      EV:  2    Int:  5    God:    Okawaru [*****.]
Gold:   91         SH:  5    Dex: 13    Spells: 11/11 levels left

rFire   . . .      SeeInvis .   E - +10 flail "Pyfuzis" {vorpal, Str+3 Dex+2}
rCold   . . .      Faith    .   c - +0 buckler
rNeg    . . .      Spirit   .   (body armour currently unavailable)
rPois   +          Reflect  .   (helmet currently unavailable)
rElec   .          Harm     .   (cloak currently unavailable)
rCorr   .          Rampage  .   (gloves currently unavailable)
Will    .....      Clarity  +   (boots currently unavailable)
Stlth   ++........ NoTele   +   (no amulet)
HPRegen 0.36/turn               q - +6 ring of strength
MPRegen 0.15/turn               S - +6 ring of strength

@: tree-form, weak-willed, hasted, very quick
A: stationary, stasis, torment immunity, boosted hp, (horns 2), (retaliatory
headbutt), (iridescent scales 1), clarity
a: Renounce Religion, Heroism, Finesse, Duel


You were on level 1 of the Lair of Beasts.
You worshipped Okawaru.
Okawaru was extremely pleased with you.
You were a tree.
You visited 4 branches of the dungeon, and saw 14 of its levels.

You collected 699 gold pieces.
You spent 608 gold pieces at shops.

Inventory:

Hand Weapons
 d - a +4 quarterstaff of chaos
 t - a +2 hand axe of electrocution
 v - a +1 flail of protection
 E - the +10 flail "Pyfuzis" (weapon) {vorpal, Str+3 Dex+2}
   (You found it on level 6 of the Dungeon)

   It inflicts extra damage upon your enemies.
   Str:       It affects your strength (+3).
   Dex:       It affects your dexterity (+2).
 H - the +4 trident of the Protecting Penguin {protect, Str+2 Int+4}
   (You found it on level 6 of the Dungeon)

   It grants its wielder temporary protection when it strikes (+7 to AC).
   Str:       It affects your strength (+2).
   Int:       It affects your intelligence (+4).
 U - a +0 demon whip of freezing
 X - the +8 whip of Domination {flame, Will+ Int+4}
   (You found it on level 11 of the Dungeon)

   It burns those it strikes, dealing additional fire damage.
   Int:       It affects your intelligence (+4).
   Will:      It increases your willpower.
Missiles
 m - 11 boomerangs (quivered)
 u - 2 curare-tipped darts
 L - 2 throwing nets
 O - a javelin
 Q - an atropa-tipped dart
Armour
 b - a +0 scale mail
 c - a +0 buckler (worn)
 j - a +0 chain mail
 n - a +0 cloak (melded)
 o - a +2 chain mail of cold resistance
 x - a +0 kite shield
 B - a +0 hat (melded)
 T - the +4 troll leather armour of Autotheism (melded) {rF+ Regen+ Str+3}
   (You bought it in a shop on level 3 of the Dungeon)

   Str:       It affects your strength (+3).
   rF:        It protects you from fire.
   Regen:     It increases your rate of health regeneration.
Jewellery
 a - an amulet of magic regeneration
 p - a ring of fire
 q - a +6 ring of strength (left branch)
 y - a ring of poison resistance
 S - a +6 ring of strength (right branch)
 W - a ring of flight
Wands
 s - a wand of mindburst (5)
 A - a wand of iceblast (12)
 D - a wand of flame (6)
Scrolls
 e - 6 scrolls of vulnerability
 f - 10 scrolls of identify
 g - 6 scrolls of teleportation
 h - 3 scrolls of magic mapping
 i - 2 scrolls of fear
 k - a scroll of poison
 l - a scroll of blinking
 F - a scroll of immolation {unknown}
 G - 2 scrolls of noise {unknown}
 I - a scroll of brand weapon {unknown}
 K - 2 scrolls of amnesia {unknown}
 M - a scroll of enchant weapon
Potions
 r - a potion of lignification
 w - 3 potions of flight
 z - 2 potions of degeneration
 C - a potion of might
 N - 2 potions of haste
 P - 2 potions of resistance {unknown}
 R - a potion of attraction {unknown}


   Skills:
 + Level 9.9 Fighting
 - Level 6.4(10.0) Axes
 * Level 11.9(13.0) Maces & Flails
 - Level 5.6(9.5) Staves
 + Level 10.6 Armour
 * Level 7.3 Dodging
 + Level 1.8 Stealth
 + Level 5.5 Shields
 * Level 7.9 Invocations
 + Level 0.2 Evocations


You had 11 spell levels left.
You didn't know any spells.
Your spell library contained the following spells:

 Spells                   Type           Power      Damage    Failure   Level
 Foxfire                  Conj/Fire      0%         2x1d4     56%         1
 Conjure Flame            Conj/Fire      0%         6-21      90%         3
 Gell's Gravitas          Tloc           0%         N/A       90%         3
 Inner Flame              Hex/Fire       0%         N/A       90%         3
 Lesser Beckoning         Tloc           0%         N/A       90%         3
 Teleport Other           Tloc           0%         N/A       90%         3
 Flame Wave               Conj/Fire      0%         2d4       100%        4
 Passage of Golubria      Tloc           0%         N/A       100%        4
 Petrify                  Tmut/Erth      0%         N/A       100%        4
 Borgnjor's Vile Clutch   Necr/Erth      0%         N/A       100%        5
 Metabolic Englaciation   Hex/Ice        0%         N/A       100%        5
 Yara's Violent Unravell  Hex/Tmut       0%         3d3       100%        5
 Statue Form              Tmut/Erth      0%         N/A       100%        6
 Tukima's Dance           Hex            Unusable   N/A       N/A         3
 Animate Dead             Necr           Unusable   N/A       N/A         4
 Death Channel            Necr           Unusable   N/A       N/A         6

Dungeon Overview and Level Annotations

Branches:
Dungeon (11/15)            Temple (1/1) D:5            Lair (1/5) D:11
    Orc (1/2) D:10

Altars:
Ashenzari
Cheibriados
Dithmenos
Elyvilon
Fedhas
Gozag
Hepliaklqana
Kikubaaqudgha
Makhleb
Nemelex Xobeh
Okawaru
Qazlal
Ru
Sif Muna
Trog
Uskayaw
Vehumet
Wu Jian
Xom
Yredelemnul
Zin
The Shining One

Shops:
D:3 [((

Annotations:
D:11 2 transporters, DadFather's ghost, journeyman CeHu


Innate Abilities, Weirdness & Mutations

You are a tree.
Your roots penetrate the ground, keeping you stationary.
You cannot be teleported.
You are immune to unholy pain and torment.
Your maximum health is greatly increased.
Your equipment is partially melded.
((You have a pair of horns on your head.))
((You reflexively headbutt those who attack you in melee.))
((You are partially covered in iridescent scales. (AC +2)))
You possess an exceptional clarity of mind.


Message History

You turn into a tree.
Your +0 cloak melds into your body.
Your +0 hat melds into your body.
The +4 troll leather armour of Autotheism {rF+ Regen+ Str+3} melds into your body.
Your roots penetrate the ground.
You block the wolf's attack.
The wolf bites you but does no damage. x2; The wolf bites you.
* * * LOW HITPOINT WARNING * * *
You block the wolf's attack. x2
You bludgeon the wolf!!
You kill the wolf!
Okawaru accepts your kill. The wolf bites you but does no damage.
You block the wolf's attack.
Unknown command.
You barely miss the wolf.
The wolf is heavily wounded.
The wolf barely misses you.
The wolf bites you but does no damage. x3
Unknown command.
You barely miss the wolf.
The wolf is heavily wounded.
You block the wolf's attack. The wolf bites you but does no damage.
You block the wolf's attack. The wolf bites you but does no damage.
Unknown command.
You barely miss the wolf.
The wolf is heavily wounded.
You block the wolf's attack.
The wolf bites you but does no damage. x5
Unknown command.
You bludgeon the wolf!!
You kill the wolf!
Okawaru accepts your kill. The wolf bites you but does no damage.
You block the wolf's attack. The wolf bites you but does no damage.
Unknown command.
You bludgeon the wolf!!
You kill the wolf!
Okawaru accepts your kill.
The wolf bites you but does no damage. x2
Unknown command.
You miss the wolf.
The wolf is severely wounded.
The wolf bites you!
You die...

......8....
.......... .........
... .$..... ♣... .
♣...hh ♣....
...♣..h.♣♣ ...
###..lhhh##.###.P#
.....hh♣h.........
#####.##.#.(###.#. .
...................
#....####>.P#.##...
..#.##..............
. #..#.#P..##....##.
.8.+......††...... .
.....###.#..###...
....##..............


You could see a basilisk and 9 wolves.

Vanquished Creatures
  4 two-headed ogres
  A faun (Lair:1)
  A cyclops (D:11)
  A shining eye (shapeshifter) (D:5)
  2 gargoyles
  3 kobold demonologists (D:11)
  A komodo dragon (D:11)
  A hornet (D:9)
  4 trolls
  Grinder (D:5)
  18 yaks
  A wyvern (D:10)
  A vampire (D:11)
  2 shadows
  A wraith (D:10)
  Eustachio (D:5)
  A basilisk (D:11)
  A steam dragon (D:7)
  Menkaure (D:4)
  A warg (Orc:1)
  2 water moccasins
  A black bear (D:5)
  5 orc warriors
  4 sky beasts
  An ice beast (D:6)
  17 wolves (Lair:1)
  A centaur (D:5)
  4 ogres
  6 phantoms
  4 kobold brigands
  5 gnoll sergeants
  A necrophage (D:7)
  5 scorpions
  4 killer bees (D:10)
  5 howler monkeys
  3 jellies (D:6)
  3 gnoll boudas
  3 hounds
  Crazy Yiuf (D:2)
  16 orc priests
  5 iguanas
  12 orc wizards
  43 gnolls
  6 adders
  A shadow imp (D:5)
  2 ufetubi (D:5)
  3 dart slugs
  72 orcs
  7 bats
  5 endoplasms
  A giant cockroach (D:4)
  10 goblins
  2 hobgoblins (D:4)
  3 jackals (D:1)
  5 quokkas
  7 ball pythons
  5 frilled lizards
  9 kobolds
  4 rats
340 creatures vanquished.

Vanquished Creatures (others)
  An orc (D:9)
  3 fungi
  32 plants (D:11)
36 creatures vanquished.

Grand Total: 376 creatures vanquished

Notes
Turn   | Place    | Note
-------+----------+-------------------------------------------
     0 | D:1      | Icepheonix32 the Minotaur Fighter began the quest for the
                  | Orb.
     0 | D:1      | Reached XP level 1. HP: 19/19 MP: 0/0
    49 | D:1      | Reached XP level 2. HP: 23/27 MP: 1/1
   515 | D:1      | Found a faded altar of an unknown god.
   954 | D:2      | Reached XP level 3. HP: 33/33 MP: 2/2
  1181 | D:2      | Found a runed translucent door.
  1182 | D:2      | Noticed Crazy Yiuf
  1887 | D:2      | Killed Crazy Yiuf
  1888 | D:2      | Reached XP level 4. HP: 39/40 MP: 3/3
  2067 | D:3      | You fall into a shaft and drop 2 floors!
  2067 | D:5      | Entered Level 5 of the Dungeon
  2090 | D:5      | Noticed a water moccasin
  2091 | D:5      | Found a staircase to the Ecumenical Temple.
  2093 | D:5      | Noticed a phantom
  2101 | D:5      | Killed a water moccasin
  2102 | D:5      | Reached skill level 1 in Staves
  2102 | D:5      | Reached skill level 5 in Armour
  2102 | D:5      | Reached XP level 5. HP: 17/47 MP: 4/4
  2105 | D:5      | Killed a phantom
  2106 | D:5      | Reached skill level 1 in Dodging
  2106 | D:5      | Reached XP level 6. HP: 11/53 MP: 5/5
  2116 | Temple   | Entered the Ecumenical Temple
  2396 | Temple   | Became a worshipper of Warmaster Okawaru
  2443 | D:5      | Noticed Eustachio
  2453 | D:5      | Killed Eustachio
  2454 | D:5      | Reached skill level 1 in Invocations
  2603 | D:5      | Reached skill level 5 in Axes
  2711 | D:5      | Reached * piety under Okawaru
  2712 | D:5      | Reached XP level 7. HP: 59/60 MP: 5/7
  2875 | D:5      | Reached skill level 5 in Fighting
  3029 | D:5      | Noticed a shapeshifter
  3029 | D:5      | an orc changed into a shapeshifter
  3029 | D:5      | Noticed a shining eye
  3029 | D:5      | a shapeshifter changed into a shining eye
  3032 | D:5      | Killed a shining eye
  3032 | D:5      | Reached ** piety under Okawaru
  3033 | D:5      | Reached skill level 1 in Stealth
  3033 | D:5      | Reached XP level 8. HP: 48/69 MP: 7/9
  3158 | D:5      | Noticed Grinder
  3432 | D:4      | Noticed Menkaure
  3438 | D:4      | Killed Menkaure
  3439 | D:4      | Reached skill level 5 in Staves
  3586 | D:3      | Found Riggit Nuadgh's Weapon Shoppe.
  3864 | D:3      | Found Coloh's Weapon Shop.
  3948 | D:3      | Found Hetsizas's Armour Shop.
  4474 | D:4      | Found a hazy altar of Hepliaklqana.
  5305 | D:5      | Killed Grinder
  5775 | D:5      | Reached XP level 9. HP: 66/78 MP: 11/11
  5777 | D:5      | Reached *** piety under Okawaru
  6542 | D:6      | Found a broken altar of Ashenzari.
  6823 | D:6      | Identified the +10 flail "Pyfuzis" {vorpal, Str+3 Dex+2}
  7321 | D:6      | Identified the +4 trident of the Protecting Penguin
                  | {protect, Str+2 Int+4}
  7476 | D:7      | Reached skill level 1 in Maces & Flails
  7556 | D:7      | Reached skill level 5 in Invocations
  7800 | D:7      | Reached skill level 2 in Maces & Flails
  8354 | D:7      | Reached **** piety under Okawaru
  8355 | D:7      | Reached skill level 3 in Maces & Flails
  8795 | D:8      | Reached XP level 10. HP: 88/88 MP: 13/13
  9298 | D:8      | Reached skill level 5 in Shields
  9484 | D:8      | Reached skill level 4 in Maces & Flails
  9495 | D:8      | Received a gift from Okawaru
  9496 | D:8      | Reached skill level 5 in Maces & Flails
  9499 | D:8      | Reached skill level 5 in Dodging
 10575 | D:9      | Gained mutation: You are partially covered in iridescent
                  | scales. (AC +2) [potion of mutation]
 10575 | D:9      | Gained mutation: You possess an exceptional clarity of
                  | mind. [potion of mutation]
 10873 | D:9      | Reached skill level 6 in Maces & Flails
 10881 | D:8      | Reached ***** piety under Okawaru
 11904 | D:10     | Entered Level 10 of the Dungeon
 11911 | D:10     | Received a gift from Okawaru
 11912 | D:10     | Reached skill level 7 in Maces & Flails
 12339 | D:10     | Noticed a two-headed ogre
 12345 | D:10     | Killed a two-headed ogre
 12346 | D:10     | Reached skill level 10 in Armour
 12488 | D:10     | Found a staircase to the Orcish Mines.
 12514 | D:10     | Reached XP level 11. HP: 41/95 MP: 15/15
 12757 | D:10     | Reached skill level 8 in Maces & Flails
 12759 | D:10     | Received a gift from Okawaru
 13438 | D:10     | Found a radiant altar of Vehumet.
 13683 | Orc:1    | Entered Level 1 of the Orcish Mines
 13687 | Orc:1    | Reached skill level 9 in Maces & Flails
 14132 | D:3      | Bought the +4 troll leather armour of Autotheism {rF+
                  | Regen+ Str+3} for 608 gold pieces
 14279 | D:11     | Identified the +8 whip of Domination {flame, Will+ Int+4}
 14346 | D:11     | HP: 1/95 [gargoyle/stone arrow (12)]
 14459 | D:11     | Received a gift from Okawaru
 14460 | D:11     | Reached skill level 10 in Maces & Flails
 14635 | D:11     | Found a transporter.
 14665 | D:11     | Noticed DadFather's ghost (journeyman CeHu)
 14668 | D:11     | Noticed a two-headed ogre
 14677 | D:11     | Found a transporter.
 14745 | D:11     | Noticed a two-headed ogre
 14752 | D:11     | Killed a two-headed ogre
 14831 | D:11     | Noticed a two-headed ogre
 14835 | D:11     | Killed a two-headed ogre
 14917 | D:11     | Noticed a two-headed ogre
 14921 | D:11     | Killed a two-headed ogre
 14922 | D:11     | Reached skill level 11 in Maces & Flails
 15037 | D:11     | Found a staircase to the Lair.
 15340 | Lair:1   | Entered Level 1 of the Lair of Beasts
 15411 | Lair:1   | Reached XP level 12. HP: 106/106 MP: 16/16
 15434 | Lair:1   | HP: 4/106 [wolf (5)]
 15444 | Lair:1   | Slain by a wolf

Illustrated notes

Levels and vault maps discovered:
D:1:      lemuel_arrival_room, layout_loops_ring,
          shapermc_ecumenical_altar_notcrosses, minmay_misc_feat_iff,
          fountainhead
D:2:      layout_basic, uniq_crazy_yiuf_cottage
D:3:      layout_basic, serial_shops, shop, shop, nicolae_diamond_shop
D:4:      layout_loops_ring, mainiacjoe_overflow_small_starburst, uniq_menkaure
D:5:      minmay_octagon_keep, layout_layer_cave, temple_fountains,
          uniq_grinder, uniq_eustachio
D:6:      layout_basic, nicolae_ashenzari_panopticon, dk_noncrumbling_3
D:7:      layout_basic, kennysheep_small_square
D:8:      layout_loops_corners
D:9:      layout_rooms, kennysheep_boxes
D:10:     layout_loops_corners, kennysheep_little_box, david_orc_5
D:11:     layout_basic, david_lair_shrubbed, gammafunk_ghost_arena,
          kennysheep_pointless_box, minmay_fractal_squares_5
Temple:   hellmonk_temple_of_storms
Lair:1:   layout_long_grid, nicolae_quartered_pool_impasse, serial_bayou_pond_a,
          grunt_forest_large_clearings, grunt_megastairs_4, uniq_maggie,
          uniq_erica
Orc:1:    layout_diamond_mine

Skill      XL: |  1  2  3  4  5  6  7  8  9 10 11 12 |
---------------+-------------------------------------+-----
Armour         | 4 5 6 8 9 10 | 10.6
Shields        | 4 5 |  5.5
Axes           | 3 4 5 6 |  6.4
Fighting       | 4 5 6 7 8 9 |  9.9
Staves         | 1 2 4 5 |  5.6
Dodging        | 1 2 4 6 7 |  7.3
Invocations    | 1 2 4 5 6 7 |  7.9
Stealth        | 1 |  1.8
Maces & Flails | 3 7 11 | 11.9
Evocations     | |  0.2

Action                   |  1- 3 |  4- 6 |  7- 9 | 10-12 || total
-------------------------+-------+-------+-------+-------++-------
Melee: War axe           |    81 |     1 |       |       ||    82
       Headbutt          |    14 |     7 |    49 |    67 ||   137
       Quarterstaff      |       |    28 |    49 |       ||    77
       Hand axe          |       |       |   119 |       ||   119
       Flail             |       |       |    62 |   393 ||   455
Throw: Boomerang         |       |       |       |     1 ||     1
Invok: Heroism           |       |       |     1 |     2 ||     3
Evoke: Wand              |       |       |       |     7 ||     7
  Use: Potion            |     1 |     3 |       |    11 ||    15
       Scroll            |       |       |    11 |       ||    11
Armor: Scale mail        |    43 |    13 |   123 |    55 ||   234
       Chain mail        |       |       |       |    58 ||    58
       Troll leather arm |       |       |       |    69 ||    69
       Skin              |       |       |       |    19 ||    19
Dodge: Dodged            |    24 |    20 |   107 |   270 ||   421
Block: Buckler           |    17 |     1 |    35 |   102 ||   155
